 Dungeon Crawl Stone Soup version 0.20.1-1-g8b1a95d (webtiles) character file.

10984 motkurip the Grappler (level 11, -3/91 HPs)
             Began as a Demigod Transmuter on Aug 4, 2017.
             Slain by a komodo dragon (22 damage)
             ... on level 2 of the Lair of Beasts.
             The game lasted 00:40:49 (15416 turns).

motkurip the Grappler (Demigod Transmuter)         Turns: 15416, Time: 00:40:49

Health: -3/91      AC:  6    Str: 19    XL:     11   Next: 20%
Magic:  7/19       EV: 17    Int: 17    God:
Gold:   763        SH:  0    Dex: 16    Spells: 3/16 levels left

rFire    + + .     SeeInvis +     - Unarmed
rCold    . . .     Gourm    .   (shield currently unavailable)
rNeg     . . .     Faith    .   t - +2 robe {rC+ rF+}
rPois    .         Spirit   .   S - +1 hat
rElec    .         Reflect  .   (no cloak)
rCorr    .         Harm     .   (gloves currently unavailable)
MR       +....                  H - +0 pair of boots
Stlth    +.........             (no amulet)
Regen    0.3/turn               o - ring of see invisible
MPRegen  0.2/turn               M - ring of fire

@: blade hands, very slightly contaminated
A: high mp 1
a: End Transformation


You were on level 2 of the Lair of Beasts.
You were very hungry.
You had blades for hands.
You visited 2 branches of the dungeon, and saw 12 of its levels.

You collected 763 gold pieces.

Inventory:

Hand Weapons
 f - a +0 hunting sling
 B - the +10 quarterstaff of Infection (melded) {venom, rN+ Int+8}
   (You took it off a gnoll on level 6 of the Dungeon)

   It poisons the flesh of those it strikes.
   It affects your intelligence (+8).
   It protects you from negative energy.
Missiles
 a - 211 arrows
 n - 242 stones (quivered)
Armour
 b - a +0 pair of gloves (melded)
 t - a +2 robe of resistance (worn)
 H - a +0 pair of boots (worn)
 N - +0 steam dragon scales
 P - a +1 robe of fire resistance
 S - a +1 hat (worn)
Jewellery
 e - an uncursed ring of flight {unknown}
 k - an uncursed ring of protection from cold
 o - a ring of see invisible (left scythe-like blade)
 E - an uncursed ring of poison resistance
 M - a ring of fire (right scythe-like blade)
Wands
 h - a wand of random effects (23/48)
 s - a wand of iceblast (4/15)
 y - a wand of lightning (5/15)
 z - a wand of random effects (27/48)
 J - a wand of random effects (32/48)
 R - a wand of iceblast (0/15)
Scrolls
 i - 8 scrolls of remove curse
 l - 3 scrolls of teleportation
 p - 3 scrolls of enchant armour
 q - 2 scrolls of enchant weapon {unknown}
 r - 2 scrolls of recharging
 v - a scroll of amnesia {unknown}
 x - 3 scrolls of immolation
 D - 3 scrolls of blinking
 G - 5 scrolls of random uselessness {unknown}
 I - a scroll of torment {unknown}
 Q - a scroll of identify
Potions
 g - 8 potions of curing {unknown}
 j - a potion of resistance {unknown}
 m - 3 potions of might
 u - 2 potions of ambrosia {unknown}
 A - a potion of heal wounds {unknown}
 K - 2 potions of cancellation {unknown}
 L - a potion of flight {unknown}
 O - 2 potions of lignification {unknown}
 U - a potion of berserk rage {unknown}
Books
 c - a book of Changes

   Spells                             Type                      Level
   a - Beastly Appendage              Transmutation                1
   b - Sticks to Snakes               Transmutation                2
   c - Spider Form                    Transmutation/Poison         3
   d - Ice Form                       Ice/Transmutation            4
   e - Blade Hands                    Transmutation                5
 F - a book of Air

   Spells                             Type                      Level
   a - Shock                          Conjuration/Air              1
   b - Swiftness                      Charms/Air                   2
   c - Static Discharge               Conjuration/Air              3
   d - Airstrike                      Air                          4
   e - Lightning Bolt                 Conjuration/Air              5
Comestibles
 d - 8 bread rations
 w - 4 meat rations
 C - 2 royal jellies
 T - 6 fruits


   Skills:
 + Level 6.8 Fighting
 + Level 6.9 Dodging
 + Level 10.1 Unarmed Combat
 + Level 3.1 Spellcasting
 - Level 1.0 Charms
 + Level 9.0 Transmutations
 - Level 1.0 Air Magic
 - Level 2.1 Poison Magic


You had 3 spell levels left.
You knew the following spells:

 Your Spells              Type           Power        Failure   Level  Hunger
a - Blade Hands           Tmut           ####......   50%         5    ######.
b - Sticks to Snakes      Tmut           ####....     13%         2    ##.....
c - Swiftness             Chrm/Air       #.......     58%         2    ##.....
f - Spider Form           Tmut/Pois      ###.......   32%         3    ###....
g - Beastly Appendage     Tmut           ####..       11%         1    None


Dungeon Overview and Level Annotations

Branches:
Dungeon (10/15)            Temple (0/1) D:7            Lair (2/6) D:10
  Swamp: Lair:2-4    Shoals: Lair:2-4     Snake: Lair:2-4    Spider: Lair:2-4
    Orc: D:9-12

Annotations:
D:4 polve's ghost, amateur DrTm


Innate Abilities, Weirdness & Mutations

You have an increased reservoir of magic. (+10% MP)


Message History

You create a snake!
You now have 211 arrows.
Unknown command.
Casting: Sticks to Snakes
Confirm with . or Enter, or press ? or * to list all spells.
Your hands turn into razor-sharp scythe blades.
The +10 quarterstaff of Infection {venom, rN+ Int+8} melds into your body.
Your +0 pair of gloves melds into your body.
The +10 quarterstaff of Infection {venom, rN+ Int+8} stops dripping with poison.
You are feeling very hungry.
The komodo dragon bites you!!
You slash the komodo dragon!
The komodo dragon is severely wounded.
The komodo dragon bites you!
* * * LOW HITPOINT WARNING * * *
Your adder bites the komodo dragon but does no damage.
You hit the komodo dragon.
The komodo dragon is severely wounded.
Your adder bites the komodo dragon but does no damage.
The komodo dragon bites you!!
You die...

♣............#
♣♣........!....##
........P...##.#
#....P#.......# ..
#...##......#
...P#....#......#
.................#
...##......lS....##
. #......@.....P#
##......<....##
#.#P.........P#
..............##
P..............#
...............#
...............#
.............##
≈##.........#


You could see a komodo dragon and a friendly adder.

Vanquished Creatures
  The ghost of motkurip the Slicer, a journeyman KoGl of Uskayaw (D:10)
  An unseen horror (D:10)
  A centaur zombie (D:10)
  A deep elf mage (D:9)
  A black mamba (Lair:1)
  2 spiny frogs (Lair:1)
  A komodo dragon (D:10)
  A hornet (D:9)
  2 hippogriffs (D:8)
  3 hogs (D:7)
  10 yaks
  A human (D:7)
  A steam dragon (D:9)
  2 water moccasins (Lair:1)
  2 porcupines (Lair:1)
  3 sky beasts
  An orc warrior (D:6)
  2 ice beasts
  4 black bears
  A necrophage (D:9)
  7 ogres
  2 phantoms
  3 centaurs
  A crocodile (D:10)
  5 bullfrogs
  A scorpion (D:10)
  4 wights (D:8)
  5 crimson imps
  A bullfrog zombie (D:6)
  A quasit (D:10)
  2 orc priests
  2 jellies
  2 gnoll shamans (D:6)
  3 hounds
  Jessica (D:3)
  3 bullfrog skeletons
  6 iguanas
  6 orc wizards
  10 worker ants
  A hound zombie (D:10)
  2 hound skeletons
  43 gnolls
  7 adders
  2 shadow imps
  3 oozes
  3 adder skeletons
  An adder zombie (D:5)
  A dart slug (D:5)
  4 leopard geckos
  30 orcs
  3 bats
  2 giant cockroaches
  5 goblins
  13 hobgoblins
  26 jackals
  7 kobolds
  3 quokkas
  2 frilled lizards (D:3)
  A leopard gecko skeleton (D:5)
  A quokka skeleton (D:4)
  9 rats
  2 rat zombies (D:6)
277 creatures vanquished.

Vanquished Creatures (collateral kills)
  Psyche (D:9)
  A komodo dragon (Lair:1)
  An orc warrior (D:8)
  A black bear (Lair:1)
  An ogre (D:6)
  4 centaurs
  A wight (D:8)
  A hound (D:1)
  An orc wizard (D:9)
  An orc (D:8)
  A kobold (D:3)
14 creatures vanquished.

Vanquished Creatures (others)
  A wizard (D:4)
  2 fungi (Lair:1)
  3 plants
6 creatures vanquished.

Grand Total: 297 creatures vanquished

Notes
Turn   | Place    | Note
-------+----------+-------------------------------------------
     0 | D:1      | motkurip the Demigod Transmuter began the quest for the Orb.
     0 | D:1      | Reached XP level 1. HP: 15/15 MP: 5/5
   351 | D:1      | Reached skill level 1 in Fighting
   794 | D:1      | Reached XP level 2. HP: 16/23 MP: 5/7
   801 | D:1      | Learned a level 2 spell: Sticks to Snakes
   810 | D:1      | Reached skill level 3 in Unarmed Combat
  1226 | D:1      | Reached XP level 3. HP: 22/28 MP: 4/8
  2766 | D:2      | Reached XP level 4. HP: 27/35 MP: 7/9
  2773 | D:2      | Learned a level 3 spell: Spider Form
  3369 | D:3      | Noticed Jessica
  3384 | D:3      | Killed Jessica
  3384 | D:3      | Reached skill level 4 in Unarmed Combat
  3698 | D:4      | Noticed polve's ghost (amateur DrTm)
  3955 | D:4      | Reached skill level 1 in Poison Magic
  3955 | D:4      | Reached XP level 5. HP: 39/40 MP: 1/10
  4644 | D:5      | Entered Level 5 of the Dungeon
  4724 | D:4      | Found a bloodstained altar of Trog.
  4726 | D:4      | Noticed a wizard
  4730 | D:4      | Killed a wizard
  5092 | D:5      | Noticed a phantom
  5116 | D:5      | Killed a phantom
  5116 | D:5      | Reached XP level 6. HP: 26/47 MP: 7/11
  6401 | D:6      | Reached XP level 7. HP: 56/56 MP: 9/13
  6731 | D:6      | Reached skill level 5 in Unarmed Combat
  7246 | D:6      | Reached XP level 8. HP: 66/66 MP: 11/14
  7303 | D:6      | Reached skill level 5 in Transmutations
  7366 | D:6      | Found an ancient bone altar of Kikubaaqudgha.
  7913 | D:6      | Reached skill level 6 in Unarmed Combat
  8356 | D:6      | Got an ichor-stained quarterstaff {venom}
  8357 | D:6      | Identified the +10 quarterstaff of Infection {venom, rN+ Int+8} (You took it off a gnoll on level 6 of the Dungeon)
  8520 | D:6      | Noticed an unseen horror
  9334 | D:7      | Reached XP level 9. HP: 71/71 MP: 13/15
  9341 | D:7      | Learned a level 5 spell: Blade Hands
  9361 | D:7      | Reached skill level 7 in Unarmed Combat
  9894 | D:7      | Found a bloodstained altar of Trog.
  9981 | D:7      | Found a staircase to the Ecumenical Temple.
 11006 | D:8      | Reached skill level 5 in Dodging
 11844 | D:8      | Found a shimmering altar of Xom.
 11844 | D:8      | Found a shimmering altar of Xom.
 11846 | D:8      | Found a shimmering altar of Xom.
 11847 | D:8      | Found a shimmering altar of Xom.
 11847 | D:8      | Found a shimmering altar of Xom.
 11847 | D:8      | Found a shimmering altar of Xom.
 11847 | D:8      | Found a shimmering altar of Xom.
 11848 | D:8      | Found a shimmering altar of Xom.
 11848 | D:8      | Found a shimmering altar of Xom.
 11848 | D:8      | Found a shimmering altar of Xom.
 11848 | D:8      | Found a shimmering altar of Xom.
 12267 | D:9      | Reached skill level 5 in Fighting
 12267 | D:9      | Reached skill level 8 in Unarmed Combat
 12345 | D:9      | Reached XP level 10. HP: 68/81 MP: 10/16
 12346 | D:9      | Found a hide-covered altar of Uskayaw.
 12439 | D:9      | Learned a level 2 spell: Swiftness
 12487 | D:9      | Noticed Psyche
 12499 | D:9      | Killed Psyche
 12588 | D:9      | Reached skill level 1 in Charms
 12588 | D:9      | Reached skill level 1 in Air Magic
 12956 | D:9      | Noticed a deep elf mage
 12969 | D:9      | Killed a deep elf mage
 13117 | D:9      | Found a glowing golden altar of the Shining One.
 13117 | D:9      | Found a white marble altar of Elyvilon.
 13118 | D:9      | Found a glowing silver altar of Zin.
 13176 | D:10     | Entered Level 10 of the Dungeon
 13253 | D:10     | Found a staircase to the Lair.
 13364 | D:10     | Noticed an unseen horror
 13383 | D:10     | Killed an unseen horror
 13383 | D:10     | Reached skill level 9 in Unarmed Combat
 13735 | D:10     | Noticed motkurip's ghost (journeyman KoGl)
 13743 | D:10     | Killed motkurip's ghost
 13996 | Lair:1   | Entered Level 1 of the Lair of Beasts
 14341 | Lair:1   | Reached XP level 11. HP: 91/91 MP: 13/19
 14788 | Lair:1   | Reached skill level 10 in Unarmed Combat
 15416 | Lair:2   | Slain by a komodo dragon

Skill      XL: |  1  2  3  4  5  6  7  8  9 10 11 |
---------------+----------------------------------+-----
Fighting       | 1 2 3 4 5 6 |  6.8
Transmutations | 2 3 4 7 8 9 |  9.0
Unarmed Combat | 3 4 5 6 8 9 10 | 10.1
Dodging        | 2 3 4 5 6 |  6.9
Spellcasting   | 2 3 |  3.1
Poison Magic   | 1 2 |  2.1
Charms         | 1 |  1.0
Air Magic      | 1 |  1.0

Action                   |  1- 3 |  4- 6 |  7- 9 | 10-12 || total
-------------------------+-------+-------+-------+-------++-------
Melee: Unarmed           |    96 |   189 |   386 |   123 ||   794
       Headbutt          |     6 |    13 |     9 |       ||    28
       Kick              |     6 |     4 |    13 |       ||    23
       Punch             |     1 |       |     4 |     2 ||     7
       Quarterstaff      |       |       |    33 |    35 ||    68
 Fire: Hunting sling     |     5 |       |       |       ||     5
Throw: Stone             |       |       |     9 |       ||     9
 Cast: Beastly Appendage |    25 |    19 |    15 |       ||    59
       Sticks to Snakes  |     3 |    19 |    21 |    14 ||    57
       Spider Form       |       |    17 |    38 |     8 ||    63
       Blade Hands       |       |       |    10 |    13 ||    23
 Abil: End Transformatio |       |       |     1 |       ||     1
Evoke: Wand              |       |       |     1 |     3 ||     4
  Use: Scroll            |       |     5 |     1 |     4 ||    10
 Stab: Distracted        |       |     3 |     2 |     1 ||     6
       Sleeping          |       |     1 |     2 |       ||     3
  Eat: Chunk             |     6 |    11 |    24 |     7 ||    48
       Fruit             |       |     1 |     4 |     3 ||     8
       Meat ration       |       |     1 |       |       ||     1
       Royal jelly       |       |       |     1 |     3 ||     4
Armor: Robe              |     9 |    17 |    42 |    26 ||    94
       Skin              |       |     1 |     5 |     3 ||     9
Dodge: Dodged            |    46 |   111 |   320 |    97 ||   574
